NCAA
BOSTON COLLEGE EAGLES @ VIRGINIA CAVALIERS
04/01/2023
 
TOP OF THE 1ST
Boston College Eagles batting - Pitching for Virginia Cavaliers : RHP Nick Clark
Pitching: RHP Nick Clark
Batting: RHB Lorenzo Mota 0-0: Ball
1-0: Ball
2-0: Called Strike
2-1: Called Strike
2-2: Ball
3-2: Foul Ball, location: 2F
3-2: DOUBLE (Line Drive, 7D)
Batting: RHB David Davidson 0-0: Ball
1-0: Fly out, F4 (Line Drive, 4)
Batting: RHB Manny Ramírez 0-0: Called Strike
0-1: Ball
1-1: Called Strike
1-2: Strikes out looking
Batting: LHB Dave Cook 0-0: Ball
1-0: Ball
2-0: Foul Ball, location: 2F
2-1: Called Strike
2-2: Foul Ball, location: 2F
2-2: Foul Ball, location: 2F
2-2: 2-RUN HOME RUN (Flyball, 9D), Distance : 344 ft
Batting: RHB Vernon Sterling 0-0: Ball
1-0: Foul Ball, location: 2F
1-1: Ball
2-1: Ball
3-1: Base on Balls
Batting: RHB Mike Martin 0-0: Ball
1-0: Called Strike
1-1: Foul Ball, location: 2F
1-2: Ball
2-2: Foul Ball, location: 2F
2-2: Ball
3-2: Base on Balls
Vernon Sterling to second
Batting: RHB Kane Cooper 0-0: Ball
1-0: Foul Ball, location: 2F
1-1: Foul Ball, location: 2F
1-2: Strikes out swinging
Top of the 1st over - 2 run(s), 2 hit(s), 0 error(s), 2 left on base; Boston College 2 - Virginia 0
BOTTOM OF THE 1ST
Virginia Cavaliers batting - Pitching for Boston College Eagles : RHP Don Shelton
Pitching: RHP Don Shelton
Batting: RHB John Dorsey 0-0: Swinging Strike
0-1: Called Strike
0-2: Ball
1-2: Strikes out swinging
Batting: RHB Curt Owens 0-0: Ball
1-0: Ball
2-0: Ball
3-0: Called Strike
3-1: Fly out, F8 (Flyball, 8RM)
Batting: RHB John Warren 0-0: Ball
1-0: Foul Ball, location: 2F
1-1: Ball
2-1: Ball
3-1: Swinging Strike
3-2: Base on Balls
Batting: LHB John Frost 0-0: Ball
1-0: Swinging Strike
1-1: Fly out, F6 (Line Drive, 56)
Bottom of the 1st over - 0 run(s), 0 hit(s), 0 error(s), 1 left on base; Boston College 2 - Virginia 0
TOP OF THE 2ND
Boston College Eagles batting - Pitching for Virginia Cavaliers : RHP Nick Clark
Batting: RHB Ambrose Brown 0-0: Ball
1-0: Foul Ball, location: 2F
1-1: Ball
2-1: Foul Ball, location: 2F
2-2: Ball
3-2: SOLO HOME RUN (Flyball, 7LD), Distance : 323 ft
Batting: RHB Pepe Chávez 0-0: Ball
1-0: Called Strike
1-1: Ball
2-1: SINGLE (Line Drive, 89S)
Batting: RHB Lorenzo Mota 0-0: Ball
1-0: Fly out, F9 (Flyball, 9S)
Batting: RHB David Davidson 0-0: Called Strike
0-1: Ball
1-1: Ball
2-1: Ball
3-1: Foul Ball, location: 2F
3-2: 2-RUN HOME RUN (Line Drive, 8LXD), Distance : 407 ft
Batting: RHB Manny Ramírez 0-0: Ball
1-0: Ball
2-0: Called Strike
2-1: Ground out 6-3 (Groundball, 6M)
Batting: LHB Dave Cook 0-0: Called Strike
0-1: Ball
1-1: Ball
2-1: SOLO HOME RUN (Flyball, 9D), Distance : 358 ft
Batting: RHB Vernon Sterling 0-0: Called Strike
0-1: DOUBLE (Groundball, 5L)
Batting: RHB Mike Martin 0-0: Ball
1-0: 2-RUN HOME RUN (Flyball, 8LXD), Distance : 395 ft
Batting: RHB Kane Cooper 0-0: Fly out, F7 (Flyball, 78S)
Top of the 2nd over - 6 run(s), 6 hit(s), 0 error(s), 0 left on base; Boston College 8 - Virginia 0
BOTTOM OF THE 2ND
Virginia Cavaliers batting - Pitching for Boston College Eagles : RHP Don Shelton
Batting: RHB Rafael Ornelas 0-0: Ball
1-0: Ball
2-0: Called Strike
2-1: Ball
3-1: Called Strike
3-2: DOUBLE (Flyball, 8RXD)
Batting: LHB José Márquez 0-0: SINGLE (Line Drive, 6MD)
Rafael Ornelas to third
Batting: RHB Ty Ford 0-0: Called Strike
0-1: SINGLE (Line Drive, 8RS)
Rafael Ornelas scores
José Márquez to second
Batting: RHB David Crosby 0-0: Called Strike
0-1: Ball
1-1: Fly out, F4 (Popup, 4MD)
Batting: RHB Flynn Green 0-0: Fly out, F5 (Popup, 56S)
Batting: RHB John Dorsey 0-0: Ball
1-0: Foul Ball, location: 2F
1-1: Called Strike
1-2: Ball
2-2: Strikes out looking
Bottom of the 2nd over - 1 run(s), 3 hit(s), 0 error(s), 2 left on base; Boston College 8 - Virginia 1
TOP OF THE 3RD
Boston College Eagles batting - Pitching for Virginia Cavaliers : RHP Nick Clark
Batting: RHB Ambrose Brown 0-0: Ball
1-0: Called Strike
1-1: Swinging Strike
1-2: Ball
2-2: Foul Ball, location: 2F
2-2: Fly out, F9 (Flyball, 9S)
Batting: RHB Pepe Chávez 0-0: Foul Ball, location: 2F
0-1: Ball
1-1: Ball
2-1: SOLO HOME RUN (Flyball, 8RXD), Distance : 396 ft
Pitching: RHP Ricardo Torres
Batting: RHB Lorenzo Mota 0-0: Ball
1-0: Ball
2-0: Ball
3-0: Called Strike
3-1: Called Strike
3-2: Foul Ball, location: 2F
3-2: Fly out, F9 (Flyball, 89M)
Batting: RHB David Davidson 0-0: Ball
1-0: Ball
2-0: Called Strike
2-1: Foul Ball, location: 2F
2-2: Foul Ball, location: 2F
2-2: Foul Ball, location: 2F
2-2: Ball
3-2: Base on Balls
Batting: RHB Manny Ramírez 0-0: Ball
1-0: Swinging Strike
1-1: Ball
2-1: Ball
3-1: Foul Ball, location: 2F
3-2: SINGLE (Line Drive, 6MD)
David Davidson to second
David Davidson to third
Batting: LHB Dave Cook 0-0: Ball
1-0: Swinging Strike
1-1: Swinging Strike
1-2: Strikes out swinging
Top of the 3rd over - 1 run(s), 2 hit(s), 0 error(s), 2 left on base; Boston College 9 - Virginia 1
BOTTOM OF THE 3RD
Virginia Cavaliers batting - Pitching for Boston College Eagles : RHP Don Shelton
Batting: RHB Curt Owens 0-0: Called Strike
0-1: Ball
1-1: Foul Ball, location: 2F
1-2: Strikes out swinging
Batting: RHB John Warren 0-0: Ball
1-0: Swinging Strike
1-1: Ball
2-1: Foul Ball, location: 2F
2-2: Ball
3-2: DOUBLE (Line Drive, 8RS)
Batting: LHB John Frost 0-0: Ball
1-0: Fly out, F7 (Flyball, 78M)
Batting: RHB Rafael Ornelas 0-0: Ball
1-0: Called Strike
1-1: Swinging Strike
1-2: Strikes out swinging
Bottom of the 3rd over - 0 run(s), 1 hit(s), 0 error(s), 1 left on base; Boston College 9 - Virginia 1
TOP OF THE 4TH
Boston College Eagles batting - Pitching for Virginia Cavaliers : RHP Ricardo Torres
Batting: RHB Vernon Sterling 0-0: Ball
1-0: Ball
2-0: Foul Ball, location: 2F
2-1: Ball
3-1: Base on Balls
Batting: RHB Mike Martin 0-0: Called Strike
0-1: SINGLE (Line Drive, 8RS)
Vernon Sterling to second
Batting: RHB Kane Cooper 0-0: SINGLE (Flyball, 7S)
Vernon Sterling to third
Mike Martin to second
Batting: RHB Ambrose Brown 0-0: Called Strike
0-1: Fly out, F8 (Flyball, 8RM)
Runner from 3rd tags up, SCORES, throw made
Batting: RHB Pepe Chávez 0-0: Foul Ball, location: 2F
0-1: Called Strike
0-2: Strikes out swinging
Batting: RHB Lorenzo Mota 0-0: Ball
1-0: Swinging Strike
1-1: Fielders Choice at 2nd, 6-4 (Groundball, 6)
Top of the 4th over - 1 run(s), 2 hit(s), 0 error(s), 1 left on base; Boston College 10 - Virginia 1
BOTTOM OF THE 4TH
Virginia Cavaliers batting - Pitching for Boston College Eagles : RHP Don Shelton
Batting: LHB José Márquez 0-0: Foul Ball, location: 2F
0-1: Ball
1-1: Ball
2-1: Ball
3-1: Base on Balls
Batting: RHB Ty Ford 0-0: Foul Ball, location: 2F
0-1: Swinging Strike
0-2: Ball
1-2: Strikes out swinging
Batting: RHB David Crosby 0-0: Called Strike
0-1: Ball
1-1: Ball
2-1: Grounds into double play, 6-4-3 (Groundball, 6)
Bottom of the 4th over - 0 run(s), 0 hit(s), 0 error(s), 0 left on base; Boston College 10 - Virginia 1
TOP OF THE 5TH
Boston College Eagles batting - Pitching for Virginia Cavaliers : RHP Ricardo Torres
Batting: RHB David Davidson 0-0: Foul Ball, location: 2F
0-1: Ground out 4-3 (Groundball, 4M)
Batting: RHB Manny Ramírez 0-0: Fly out, F6 (Popup, 6S)
Batting: LHB Dave Cook 0-0: Called Strike
0-1: Ball
1-1: Called Strike
1-2: Ball
2-2: Ball
3-2: Foul Ball, location: 2F
3-2: Base on Balls
Batting: RHB Vernon Sterling 0-0: Called Strike
0-1: Swinging Strike
0-2: Ball
1-2: Ball
2-2: Strikes out swinging
Top of the 5th over - 0 run(s), 0 hit(s), 0 error(s), 1 left on base; Boston College 10 - Virginia 1
BOTTOM OF THE 5TH
Virginia Cavaliers batting - Pitching for Boston College Eagles : RHP Don Shelton
Batting: RHB Flynn Green 0-0: SINGLE (Line Drive, 78S)
Batting: RHB John Dorsey 0-0: Ball
1-0: Ball
2-0: Ball
Flynn Green is caught stealing 2nd base
3-0: Swinging Strike
3-1: Foul Ball, location: 2F
3-2: Foul Ball, location: 2F
3-2: Foul Ball, location: 2F
3-2: SOLO HOME RUN (Line Drive, 78XD), Distance : 386 ft
Batting: RHB Curt Owens 0-0: Ball
1-0: Ball
2-0: SINGLE (Line Drive, 89S)
Batting: RHB John Warren 0-0: Ball
1-0: Foul Ball, location: 2F
1-1: Fly out, F9 (Popup, 3D)
Pitching: RHP Manuel Cruz
Batting: LHB John Frost 0-0: Swinging Strike
0-1: Ball
1-1: SINGLE (Line Drive, 56D)
Curt Owens to second
Batting: RHB Rafael Ornelas 0-0: Called Strike
0-1: SINGLE (Groundball, 34D)
Curt Owens to third
John Frost to second
Runner from 3rd tries for Home, SAFE, no throw or cutoff
Batting: LHB José Márquez 0-0: Called Strike
0-1: Foul Ball, location: 2F
0-2: Foul Ball, location: 2F
0-2: Strikes out swinging
Bottom of the 5th over - 2 run(s), 5 hit(s), 0 error(s), 2 left on base; Boston College 10 - Virginia 3
TOP OF THE 6TH
Boston College Eagles batting - Pitching for Virginia Cavaliers : RHP Ricardo Torres
Pitching: RHP Gary Workman
Batting: RHB Mike Martin 0-0: Called Strike
0-1: Ball
1-1: Ball
2-1: Ball
3-1: Base on Balls
Batting: RHB Kane Cooper 0-0: Swinging Strike
0-1: Fielders Choice at 2nd, 5-4 (Groundball, 5)
Batting: RHB Ambrose Brown 0-0: Ball
1-0: Ball
2-0: SINGLE (Flyball, 89M)
Kane Cooper to second
Batting: RHB Pepe Chávez 0-0: Called Strike
0-1: Ball
1-1: Ball
2-1: SINGLE (Groundball, 34D)
Kane Cooper to third
Ambrose Brown to second
Runner from 3rd tries for Home, SAFE, throw made home
Ambrose Brown to third
Pepe Chávez to second
Batting: RHB Lorenzo Mota 0-0: SINGLE (Groundball, 6MD)
Ambrose Brown scores
Pepe Chávez to third
Runner from 3rd tries for Home, SAFE, no throw or cutoff
Batting: RHB David Davidson 0-0: Ball
1-0: Ball
2-0: Ball
3-0: Base on Balls
Lorenzo Mota to second
Batting: RHB Manny Ramírez 0-0: Called Strike
0-1: Foul Ball, location: 2F
0-2: Foul Ball, location: 2F
0-2: Ball
1-2: Foul Ball, location: 2F
1-2: Grounds into double play, 6-4-3 (Groundball, 6)
Top of the 6th over - 3 run(s), 3 hit(s), 0 error(s), 1 left on base; Boston College 13 - Virginia 3
BOTTOM OF THE 6TH
Virginia Cavaliers batting - Pitching for Boston College Eagles : RHP Manuel Cruz
Batting: RHB Ty Ford 0-0: Called Strike
0-1: Ground out 6-3 (Groundball, 6M)
Batting: RHB David Crosby 0-0: Ball
1-0: Swinging Strike
1-1: SINGLE (Groundball, 56D)
Batting: RHB Flynn Green 0-0: Called Strike
0-1: Called Strike
0-2: Strikes out swinging
Batting: RHB John Dorsey 0-0: Ball
1-0: Foul Ball, location: 2F
1-1: Ball
2-1: Foul Ball, location: 2F
2-2: Ground out 6-3 (Groundball, 6)
Bottom of the 6th over - 0 run(s), 1 hit(s), 0 error(s), 1 left on base; Boston College 13 - Virginia 3
TOP OF THE 7TH
Boston College Eagles batting - Pitching for Virginia Cavaliers : RHP Gary Workman
Batting: LHB Dave Cook 0-0: Called Strike
0-1: Fly out, F7 (Flyball, 7M)
Batting: RHB Vernon Sterling 0-0: Ball
1-0: Ball
2-0: Ball
3-0: Base on Balls
Batting: RHB Mike Martin 0-0: Called Strike
0-1: Ball
1-1: Ball
2-1: Fielders Choice at 2nd, 6-4 (Groundball, 6)
Batting: RHB Kane Cooper 0-0: Called Strike
0-1: Ball
1-1: Fielders Choice at 2nd, U6 (Groundball, 6M)
Top of the 7th over - 0 run(s), 0 hit(s), 0 error(s), 1 left on base; Boston College 13 - Virginia 3
BOTTOM OF THE 7TH
Virginia Cavaliers batting - Pitching for Boston College Eagles : RHP Manuel Cruz
Batting: RHB Curt Owens 0-0: SINGLE (Groundball, 34D)
Batting: RHB John Warren 0-0: Ball
1-0: Called Strike
1-1: Ball
2-1: Ball
3-1: 2-RUN HOME RUN (Flyball, 7D), Distance : 355 ft
Batting: LHB John Frost 0-0: Called Strike
0-1: Swinging Strike
0-2: Foul Ball, location: 2F
0-2: Ball
1-2: Foul Ball, location: 2F
1-2: Ball
2-2: Foul Ball, location: 2F
2-2: Foul Ball, location: 2F
2-2: Strikes out swinging
Batting: RHB Rafael Ornelas 0-0: Called Strike
0-1: Foul Ball, location: 2F
0-2: Ball
1-2: Foul Ball, location: 2F
1-2: Foul Ball, location: 2F
1-2: Ball
2-2: SOLO HOME RUN (Flyball, 7D), Distance : 361 ft
Batting: LHB José Márquez 0-0: Called Strike
0-1: Ball
1-1: Ball
2-1: Foul Ball, location: 2F
2-2: Ground out 4-3 (Groundball, 4)
Batting: RHB Ty Ford 0-0: Ball
1-0: Called Strike
1-1: Ball
2-1: Fly out, F9 (Line Drive, 9M)
Bottom of the 7th over - 3 run(s), 3 hit(s), 0 error(s), 0 left on base; Boston College 13 - Virginia 6
TOP OF THE 8TH
Boston College Eagles batting - Pitching for Virginia Cavaliers : RHP Gary Workman
Pitching: RHP Sergio Chávez
Batting: RHB Ambrose Brown 0-0: Ground out 4-3 (Groundball, 4)
Batting: RHB Pepe Chávez 0-0: Ball
1-0: Ball
2-0: Ball
3-0: Base on Balls
Batting: RHB Lorenzo Mota 0-0: Called Strike
Pepe Chávez steals 2nd base
0-1: Ball
1-1: Swinging Strike
1-2: Strikes out swinging
Batting: RHB David Davidson 0-0: Called Strike
0-1: Foul Ball, location: 2F
0-2: Ball
1-2: Foul Ball, location: 2F
1-2: Fly out, F9 (Flyball, 9S)
Top of the 8th over - 0 run(s), 0 hit(s), 0 error(s), 1 left on base; Boston College 13 - Virginia 6
BOTTOM OF THE 8TH
Virginia Cavaliers batting - Pitching for Boston College Eagles : RHP Manuel Cruz
Pitching: RHP Henry Smith
Now in RF: Bobby Porter
Batting: RHB David Crosby 0-0: Ball
1-0: Called Strike
1-1: Called Strike
1-2: Ball
2-2: Ball
3-2: Base on Balls
Batting: RHB Flynn Green 0-0: Called Strike
0-1: Foul Ball, location: 2F
0-2: Strikes out swinging
Batting: RHB John Dorsey 0-0: Ball
1-0: Foul Ball, location: 2F
1-1: Ball
2-1: Foul Ball, location: 2F
Balk!
David Crosby to second
2-2: Ground out U3 (Groundball, 3L)
David Crosby to third
Batting: RHB Curt Owens 0-0: Ball
1-0: Called Strike
1-1: Ball
2-1: Called Strike
2-2: DOUBLE (Flyball, 89XD)
David Crosby scores
Batting: RHB John Warren 0-0: Called Strike
0-1: Foul Ball, location: 2F
0-2: Fly out, F7 (Flyball, 78D)
Bottom of the 8th over - 1 run(s), 1 hit(s), 0 error(s), 1 left on base; Boston College 13 - Virginia 7
TOP OF THE 9TH
Boston College Eagles batting - Pitching for Virginia Cavaliers : RHP Sergio Chávez
Pitching: RHP Cal Baldwin
Batting: RHB Manny Ramírez 0-0: Called Strike
0-1: Foul Ball, location: 2F
0-2: Ball
1-2: Ball
2-2: Strikes out swinging
Batting: LHB Dave Cook 0-0: Called Strike
0-1: DOUBLE (Line Drive, 3D)
Batting: RHB Vernon Sterling 0-0: Ball
1-0: Fly out, F8 (Line Drive, 8RM)
Batting: RHB Mike Martin 0-0: Ground out U3 (Groundball, 3S)
Top of the 9th over - 0 run(s), 1 hit(s), 0 error(s), 1 left on base; Boston College 13 - Virginia 7
BOTTOM OF THE 9TH
Virginia Cavaliers batting - Pitching for Boston College Eagles : RHP Henry Smith
Batting: LHB John Frost 0-0: Called Strike
0-1: Ball
1-1: Called Strike
1-2: SINGLE (Groundball, 34D)
Batting: RHB Rafael Ornelas 0-0: Ball
1-0: Ball
2-0: Swinging Strike
2-1: Grounds into double play, 5-4-3 (Groundball, 56)
Batting: LHB José Márquez 0-0: SINGLE (Groundball, 4MD)
Batting: RHB Ty Ford 0-0: Swinging Strike
0-1: Ball
1-1: SINGLE (Line Drive, 6MD)
José Márquez to second
Batting: RHB David Crosby 0-0: Called Strike
0-1: Ball
1-1: Called Strike
1-2: Ball
2-2: Strikes out swinging
Bottom of the 9th over - 0 run(s), 3 hit(s), 0 error(s), 2 left on base; Boston College 13 - Virginia 7
This league is powered by Out of the Park Baseball, the baseball management simulation game for PC, Mac and Linux
Wednesday, December 2nd, 2015 - OOTP Baseball 16.8 Build 38